 Dungeon Crawl Stone Soup version 0.20-a0-903-g7e3609c (webtiles) character file.

91 Goblin1989 the Twirler (level 4, -7/27 HPs)
             Began as a Kobold Gladiator on Mar 22, 2017.
             Killed by divine providence
             ... invoked by an orc priest
              (12 damage)
             ... on level 3 of the Dungeon.
             The game lasted 00:08:39 (1740 turns).

Goblin1989 the Twirler (Kobold Gladiator)           Turns: 1740, Time: 00:08:40

Health: -7/27      AC:  7    Str: 12    XL:     4   Next: 87%
Magic:  0/4        EV: 13    Int:  9    God:
Gold:   84         SH:  0    Dex: 16    Spells: 3/3 levels left

rFire    . . .     SeeInvis .   a - +0 quarterstaff
rCold    . . .     Gourm    .   p - +0 scale mail {rPois}
rNeg     . . .     Faith    .   (shield currently unavailable)
rPois    +         Spirit   +   c - +0 helmet
rElec    .         Reflect  .   (no cloak)
rCorr    .         Harm     .   (no gloves)
MR       .....                  (no boots)
Stlth    ..........             g - amulet of guardian spirit
Regen    0.1/turn               y - +2 ring of slaying
MPRegen  0.1/turn               (no ring)

@: no status effects
A: carnivore 3
a: no special abilities


You were on level 3 of the Dungeon.
You were completely stuffed.

You visited 1 branch of the dungeon, and saw 3 of its levels.

You collected 84 gold pieces.

Inventory:

Hand Weapons
 a - a +0 quarterstaff (weapon)
Missiles
 Z - 3 throwing nets {!d, =f}
Armour
 b - a +0 pair of boots
 c - a +0 helmet (worn)
 p - a +0 scale mail of poison resistance (worn)
Jewellery
 g - an amulet of guardian spirit (around neck)
 k - an uncursed ring of ice
 y - a +2 ring of slaying (right hand)
Scrolls
 e - a scroll of remove curse {unknown}
 h - a scroll of enchant armour {unknown}
 j - 3 scrolls of identify {unknown}
 q - a scroll of blinking {unknown}
Potions
 d - a potion of degeneration {unknown}
 i - a potion of heal wounds {unknown}
 l - 2 potions of might {unknown}
 n - 2 potions of lignification {unknown}
Comestibles
 f - a meat ration {@e2}
 m - a royal jelly


   Skills:
 + Level 2.5 Fighting
 * Level 4.2 Staves
 - Level 2.1 Throwing
 + Level 0.8 Armour
 + Level 3.9 Dodging


You had 3 spell levels left.
You didn't know any spells.

Dungeon Overview and Level Annotations

Branches:
Dungeon (3/15)

Altars:
Makhleb


Innate Abilities, Weirdness & Mutations

You are small and have problems with some larger weapons.
You are carnivorous and can eat meat at any time.


Message History

A kobold is nearby!
Some of the chunks of flesh in your inventory have rotted away.
The kobold hits you but does no damage.
Your scale mail prevents you from hitting the kobold.
The kobold closely misses you.
You closely miss the kobold. The kobold hits you but does no damage.
You closely miss the kobold. The kobold hits you but does no damage.
You thump the kobold!
You kill the kobold!
No target in view!
No target in view!
Some of the chunks of flesh in your inventory have rotted away.
Done exploring.
Done exploring.
(D) Dungeon
Where to? (Enter - D:2 @ (x,y), ? - help)
There is a burning altar of Makhleb here.
Things that are here:
a whip; a robe
There is a stone staircase leading down here.
You climb downwards.
There is a stone staircase leading up here.
j - 3 scrolls labeled VUKULU ASEANE (gained 1)
You see here a whip.
You open the door.
There is an open door here.
An adder comes into view.
You barely miss the adder. The adder closely misses you.
You closely miss the adder. The adder misses you. The adder bites you.
You take 1 damage, and have 26/27 hp.
You miss the adder. The adder completely misses you.
You sock the adder!
The adder is severely wounded.
The adder bites you but does no damage.
Your scale mail prevents you from hitting the adder.
The adder is severely wounded.
The adder barely misses you. The adder bites you.
You take 4 damage, and have 22/27 hp.
You closely miss the adder.
The adder is severely wounded.
The adder bites you.
You take 3 damage, and have 19/27 hp.
You now have 3/4 mp.
You closely miss the adder.
The adder is severely wounded.
The adder barely misses you. The adder bites you but does no damage.
You thump the adder!
You kill the adder!
No target in view!
No target in view!
Eating one of 5 chunks of flesh.
You eat one of the 5 chunks of flesh.
This raw flesh tastes great.
Magic restored.
Some of the chunks of flesh in your inventory have rotted away.
HP restored.
You now have 80 gold pieces (gained 24).
You open the door.
There is an open door here.
You now have 84 gold pieces (gained 4).
q - a scroll labeled YNETUE SOADOLE Health restored: 27; MP restored: 4 You see here a bread ration {@e1}. 2 orc priests come into view.
The orc priest shouts! x2
An orc comes into view. It is wielding a dagger.
The orc priest calls down the wrath of Beogh upon you.
Pain shoots through your body!
There is a stone staircase leading up here.
You take 6 damage, and have 21/27 hp.
MASSIVE DAMAGE!!
You now have 3/4 mp.
You climb upwards.
There is a stone staircase leading down here.
You start resting.
Magic restored.
All of the chunks of flesh in your inventory have rotted away.
HP restored.
Health restored: 27; MP restored: 4 You climb downwards.
The orc shouts!
The orc priest hits you but does no damage.
There is a stone staircase leading up here.
You hit the orc priest but do no damage.
The orc priest closely misses you. x2
An orc comes into view.
You closely miss the orc priest.
The orc priest calls down the wrath of Beogh upon you.
Pain shoots through your body! The orc priest barely misses you.
The orc priest hits you with a flail.
You sock the orc priest!
The orc priest is severely wounded.
The orc priest misses you.
An orc comes into view. It is wielding a dagger of holy wrath.
The orc shouts!
You hit the orc priest but do no damage.
The orc priest is severely wounded.
The orc priest mumbles some strange prayers to Beogh against you.
Beogh smites you!
* * * LOW HITPOINT WARNING * * *
The orc closely misses you.
The orc priest mumbles some strange prayers to Beogh against you.
Beogh smites you!
You die...

█....█...█.████.█
█....█...█.█ █.█
█....█...█.█ █.█
█....█...█.█ █.█
█....█...█%█ █.█
█....█.█.█.█ █.█
█.█...████.█
█.█.o...█
█.█@o.███ ..██o.█
.......█o█
.█████.█.██
█.█.o█ █.....█
█████.█ ..!


█o██ You could see 2 orc priests and 3 orcs.

Vanquished Creatures
  5 adders
  A dart slug (D:2)
  5 leopard geckos
  4 giant cockroaches
  6 goblins (D:1)
  2 hobgoblins
  A quokka (D:2)
  7 bats
  4 frilled lizards
  A kobold (D:2)
  4 rats
40 creatures vanquished.

Notes
Turn   | Place    | Note
-------+----------+-------------------------------------------
     0 | D:1      | Goblin1989 the Kobold Gladiator began the quest for the Orb.
     0 | D:1      | Reached XP level 1. HP: 12/12 MP: 1/1
    61 | D:1      | Reached skill level 3 in Staves
    84 | D:1      | Reached XP level 2. HP: 6/17 MP: 2/2
   611 | D:1      | Wingboner: Ня.
   612 | D:1      | Goblin1989: приветы
   612 | D:1      | Wingboner: Давно не видел тайла кобольда.
   612 | D:1      | Wingboner: Даже не узнал.
   612 | D:1      | Goblin1989: я тебе сейчас кое-что покажу :)
   612 | D:1      | Wingboner: Удивляй.
   612 | D:1      | Goblin1989: #tile_display_mode = glyphs
   612 | D:1      | Goblin1989: знаешь про эту настройку?
   612 | D:1      | Goblin1989: превращает графический кроул в текстовый
   614 | D:1      | Wingboner: А, баян. Толку нет, т.к. всё равно тормозит, как вебтайлы.
   617 | D:1      | Reached XP level 3. HP: 21/21 MP: 3/3
   618 | D:1      | Goblin1989: это да
   618 | D:1      | Goblin1989: забавная штука
   618 | D:1      | Goblin1989: и еще парочку откопал
   618 | D:1      | Wingboner: Довольно старая настройка. Я попробовал и вернулся взад на консоль.
   618 | D:1      | Goblin1989: rest_wait_both = true explore_auto_rest = true auto_switch = false
   618 | D:1      | Wingboner: Первое знаю, неудобно.
   618 | D:1      | Goblin1989: удобно
   618 | D:1      | Wingboner: Второе это что?
   618 | D:1      | Wingboner: И третье что?
   618 | D:1      | Wingboner: Ну мне неудобно, т.к. часто использую чаров, которым полная мана не особенно нужна, и наоборот.
   618 | D:1      | Goblin1989: второе - перс автоматом ждет пока все хп отрегенит перед тем как бежать на "О"
   618 | D:1      | Wingboner: Тоже не нужно (мне).
   618 | D:1      | Goblin1989: третье - если на слотах а и б стоит лук и мэйс должен переключать оружие
   618 | D:1      | Goblin1989: типа дольних бить луком, ближних - мэйсом
   810 | D:1      | Wingboner: Хм, то есть оно в некоторых случаях будет зря тратить ходы на переключение?
   810 | D:1      | Wingboner: Я даже автобросок отключаю =)
   810 | D:1      | Goblin1989: видимо да
   810 | D:1      | Wingboner: В общем, настройки прикольные, с вау-эффектом, но реальной пользы для меня нет.
   810 | D:1      | Goblin1989: мне первая со второй понравились оче
   810 | D:1      | Goblin1989: ну отчего, мне вот лень лишний раз жать 5 чтобы отрегенить
   810 | D:1      | Wingboner: А мне наоборот. Отрегенилась мана на тролле — побежали, хп нинужно!
   810 | D:1      | Wingboner: На DGFE наоборот.
   810 | D:1      | Wingboner: *DgFE
   810 | D:1      | Wingboner: Вообще я сейчас значительную часть времени, которое раньше игре уделял, трачу на прокачку телефона. Что-то пробило в настройках поразбираться.
   810 | D:1      | Goblin1989: ну как бы да, но теперь я не жму "5" перед тем как нажать "о" :)
   810 | D:1      | Wingboner: Даже сайт производителя теперь первым открывается по x, а не этот сервер.
   821 | D:1      | Wingboner: А почто тебя на кобольда пробило?
   821 | D:1      | Goblin1989: что за телефон-то хоть?
   821 | D:1      | Goblin1989: да я решил в транк играть начать
   821 | D:1      | Goblin1989: ну и чего-то решил сделать кобольда
   821 | D:1      | Goblin1989: а так так в стандартные комбо я считаю играть неспортивным в большинстве случаев решил стать гладиатором
   841 | D:1      | Wingboner: Xiaomi mi max. Он у меня уже с полгода, но вот сейчас начитался всякой херни и плотно занялся апгрейдом. И железа и софта.
   858 | D:1      | Wingboner: Почти как чара в игре прокачивать, кек.
   862 | D:1      | Goblin1989: железа?
   994 | D:2      | Reached skill level 4 in Staves
  1013 | D:1      | Wingboner: Ну. Магнитная зарядка, дополнительная кнопка, внешний пульт.
  1017 | D:1      | Wingboner: Зарядка и пульт есть уже, кнопка едет.
  1017 | D:1      | Goblin1989: o_O
  1017 | D:1      | Wingboner: А, забыл. Ещё микроскоп, но я им редко пользуюсь.
  1017 | D:1      | Goblin1989: не знал что в них еще железо можно менять
  1017 | D:1      | Wingboner: Ещё едут 3д-очки.
  1017 | D:1      | Wingboner: Не менять, а добавлять. Сейчас покажу.
  1017 | D:1      | Goblin1989: а я тут на днях про поней мульты скачал. мелкий вроде их даже посмотрел
  1019 | D:2      | Wingboner: https://www.aliexpress.com/item/Magnetic-Micro-Usb-Data-Cable-for-Apple-iPhone-7-6-5-6s-Samsung-Magnet-Charging-Cable/32790151580.html
  1081 | D:2      | Wingboner: Вот магнитная зарядка.
  1081 | D:2      | Wingboner: Удобно тем, что не выломаешь гнездо у телефона и можно вставлять любой стороной.
  1081 | D:2      | Wingboner: Реально нервы экономит.
  1081 | D:2      | Goblin1989: а как оно в гнезде крепится?
  1081 | D:2      | Goblin1989: чтобы не выпадывать?
  1081 | D:2      | Wingboner: Пони в переводе это печально очень. Там от них реально только детский мультик остался. Дело в том, что в оригинале много отсылок вторым слоем идёт, а переводчики подавляющее количество просто просрали.
  1081 | D:2      | Wingboner: Там типа усики на этой фиговине.
  1081 | D:2      | Wingboner: Прочно держится.
  1081 | D:2      | Wingboner: В комплекте пластиковый выковыриватель, если надо достать.
  1081 | D:2      | Goblin1989: понятно
  1081 | D:2      | Wingboner: Ногтями можно, но реально сложно.
  1081 | D:2      | Wingboner: https://www.aliexpress.com/item/New-4in1-Bluetooth-Gamepads-Game-Controller-Joystick-Selfie-Remote-Shutter-Wireless-Mouse-For-iOS-Android-Smartphone/32719147291.html
  1081 | D:2      | Wingboner: Пульт.
  1081 | D:2      | Goblin1989: а я тут на муську у видел клаву механическую, но у меня на нее денег нету :(
  1081 | D:2      | Wingboner: Для фото, чтобы руками телефон/фотоаппарат не трогать и не сбивать фокус, особенно при большом увеличении.
  1081 | D:2      | Wingboner: Ещё листать и управлять музыкой.
  1085 | D:2      | Wingboner: Работает ещё как мышь, но это мне не надо.
  1093 | D:2      | Reached XP level 4. HP: 25/26 MP: 2/4
  1097 | D:2      | Goblin1989: клаву лучше купи на него
  1097 | D:2      | Goblin1989: андроидовская клавиатура - зло, я за 2 года так к ней и не привык
  1154 | D:2      | Wingboner: У меня есть две, но этот пульт реально удобнее, когда не нужно играть в суп или набирать что-то.
  1242 | D:2      | Wingboner: А приложение клавы у меня кастомное.
  1242 | D:2      | Wingboner: Сейчас покажу тоже.
  1287 | D:2      | Found a burning altar of Makhleb.
  1740 | D:3      | Killed from afar by an orc priest

Vault maps used:
D:1:      eino_arrival_water_cross
D:2:      bloody_makhleb
D:3:      lemuel_round_altar, first_bread

Skill      XL: |  1  2  3 |
---------------+----------+-----
Staves         | 3 4 |  4.2
Fighting       | |  2.5
Throwing       | |  2.1
Armour         | |  0.8
Dodging        | |  3.9

Action                   |  1- 3 |  4- 6 || total
-------------------------+-------+-------++-------
Melee: Quarterstaff      |    67 |    47 ||   114
 Stab: Sleeping          |     1 |       ||     1
  Eat: Chunk             |     9 |     2 ||    11
Armor: Leather armour    |    16 |       ||    16
       Scale mail        |     1 |    12 ||    13
Dodge: Dodged            |    56 |    29 ||    85

Vault maps used:
D:1:      eino_arrival_water_cross
D:2:      bloody_makhleb
D:3:      lemuel_round_altar, first_bread
